TOP OF THE 1ST |
Wisconsin Rapids Timber Rattlers batting - Pitching for Appleton Foxes : RHP Mike Trujillo
|
Pitching: RHP Mike Trujillo
|
|
Batting: RHB Tim Pyznarski
|
0-0: Ground out 5-3 (Groundball, 56, EV 80.0 MPH)
|
Batting: RHB Jim Presley
|
0-0: Ball 1-0: Ground out 6-3 (Groundball, 6, EV 86.9 MPH)
|
Batting: LHB Dion James
|
0-0: Ground out 4-3 (Groundball, 4, EV 89.4 MPH)
|
Top of the 1st over - 0 runs, 0 hits, 0 errors, 0 left on base; Wisconsin Rapids 0 - Appleton 0 |
BOTTOM OF THE 1ST |
Appleton Foxes batting - Pitching for Wisconsin Rapids Timber Rattlers : RHP Roger McDowell
|
Pitching: RHP Roger McDowell
|
|
Batting: LHB Mike Woodard
|
0-0: Ball 1-0: Ball 2-0: Fly out, F9 (Flyball, 9S, EV 83.1 MPH)
|
Batting: SHB Matt Gallegos
|
0-0: Ball 1-0: Called Strike 1-1: Ground out 4-3 (Groundball, 4M, EV 108.1 MPH)
|
Batting: RHB Chris Brown
|
0-0: DOUBLE (Line Drive, 78M, EV 95.6 MPH)
|
Batting: RHB Randy Asadoor
|
0-0: Ball 1-0: Called Strike 1-1: Called Strike 1-2: Ball 2-2: Ball 3-2: SINGLE (Flyball, 3D, EV 90.6 MPH) Chris Brown to third Chris Brown scores
|
Batting: RHB Victor Mata
|
0-0: Swinging Strike 0-1: Fielders Choice at 2nd, 6-4 (Groundball, 56, EV 77.5 MPH)
|
Bottom of the 1st over - 1 run, 2 hits, 0 errors, 1 left on base; Wisconsin Rapids 0 - Appleton 1 |
TOP OF THE 2ND |
Wisconsin Rapids Timber Rattlers batting - Pitching for Appleton Foxes : RHP Mike Trujillo
|
Batting: LHB Greg Smith
|
0-0: Ball 1-0: Foul Ball, location: 2F 1-1: Foul Ball, location: 2F 1-2: Ball 2-2: Ball 3-2: Base on Balls
|
Batting: RHB Barbaro Garbey
|
0-0: Called Strike 0-1: Ball 1-1: Fielders Choice at 2nd, 4-6 (Groundball, 34, EV 81.3 MPH)
|
Batting: LHB Matt Hall
|
0-0: Fielders Choice at 2nd, 3-6 (Groundball, 3, EV 87.5 MPH)
|
Batting: RHB Darryl Motley
|
0-0: Ball 1-0: Called Strike 1-1: Ball 2-1: SINGLE (Groundball, 25, EV 63.1 MPH) (infield hit) Matt Hall to second
|
Batting: RHB Al Pedrique
|
0-0: Ball 1-0: Fly out, F4 (Popup, 13, EV 90.0 MPH)
|
Top of the 2nd over - 0 runs, 1 hit, 0 errors, 2 left on base; Wisconsin Rapids 0 - Appleton 1 |
BOTTOM OF THE 2ND |
Appleton Foxes batting - Pitching for Wisconsin Rapids Timber Rattlers : RHP Roger McDowell
|
Batting: LHB John Csefalvay
|
0-0: Ground out 4-3 (Groundball, 4, EV 85.0 MPH)
|
Batting: RHB Howard Lopes
|
0-0: Ball 1-0: Ball 2-0: Ball 3-0: Called Strike 3-1: Ground out 6-3 (Groundball, 6, EV 96.9 MPH)
|
Batting: RHB Mike Nipper
|
0-0: Foul Ball, location: 2F 0-1: Foul Ball, location: 2F 0-2: Ball 1-2: Ball 2-2: Ball 3-2: Fly out, F8 (Flyball, 8LS, EV 89.4 MPH)
|
Bottom of the 2nd over - 0 runs, 0 hits, 0 errors, 0 left on base; Wisconsin Rapids 0 - Appleton 1 |
TOP OF THE 3RD |
Wisconsin Rapids Timber Rattlers batting - Pitching for Appleton Foxes : RHP Mike Trujillo
|
Batting: RHB Phil Lombardi
|
0-0: Ball 1-0: Called Strike 1-1: Swinging Strike 1-2: Foul Ball, location: 2F 1-2: Foul Ball, location: 2F 1-2: Strikes out swinging
|
Batting: RHB Tim Pyznarski
|
0-0: Ball 1-0: Ball 2-0: Ball 3-0: Base on Balls
|
Batting: RHB Jim Presley
|
0-0: Ball 1-0: SINGLE (Line Drive, 7S, EV 90.0 MPH) Tim Pyznarski to second
|
Batting: LHB Dion James
|
0-0: Foul Ball, location: 2F 0-1: Foul Ball, location: 2F 0-2: DOUBLE (Line Drive, 7LM, EV 105.0 MPH) Tim Pyznarski scores Jim Presley to third
|
Batting: LHB Greg Smith
|
0-0: Called Strike 0-1: Fly out, F8 (Flyball, 8RXD, EV 88.1 MPH) Runner from 3rd tags up, SCORES, no throw by CF Dion James to third
|
Batting: RHB Barbaro Garbey
|
0-0: Ball 1-0: Ball 2-0: SINGLE (Line Drive, 9LS, EV 87.5 MPH) Dion James scores
|
Batting: LHB Matt Hall
|
0-0: SINGLE (Groundball, 56D, EV 99.4 MPH) Barbaro Garbey to second
|
Batting: RHB Darryl Motley
|
0-0: Fly out, F8 (Flyball, 78M, EV 98.1 MPH)
|
Top of the 3rd over - 3 runs, 4 hits, 0 errors, 2 left on base; Wisconsin Rapids 3 - Appleton 1 |
BOTTOM OF THE 3RD |
Appleton Foxes batting - Pitching for Wisconsin Rapids Timber Rattlers : RHP Roger McDowell
|
Batting: RHB Philip Sutton
|
0-0: Ball 1-0: Called Strike 1-1: Ground out 4-3 (Groundball, 4S, EV 65.6 MPH)
|
Batting: LHB Mike Woodard
|
0-0: Fly out, F9 (Line Drive, 9S, EV 84.4 MPH)
|
Batting: SHB Matt Gallegos
|
0-0: Ball 1-0: Foul Ball, location: 2F 1-1: Ground out 4-3 (Groundball, 4, EV 85.6 MPH)
|
Bottom of the 3rd over - 0 runs, 0 hits, 0 errors, 0 left on base; Wisconsin Rapids 3 - Appleton 1 |
TOP OF THE 4TH |
Wisconsin Rapids Timber Rattlers batting - Pitching for Appleton Foxes : RHP Mike Trujillo
|
Batting: RHB Al Pedrique
|
0-0: Ball 1-0: Ball 2-0: Ground out U3 (Groundball, 3, EV 97.5 MPH)
|
Batting: RHB Phil Lombardi
|
0-0: Ball 1-0: Ground out 6-3 (Groundball, 6MD, EV 104.4 MPH)
|
Batting: RHB Tim Pyznarski
|
0-0: Called Strike 0-1: Foul Ball, location: 2F 0-2: Ball 1-2: Strikes out swinging
|
Top of the 4th over - 0 runs, 0 hits, 0 errors, 0 left on base; Wisconsin Rapids 3 - Appleton 1 |
BOTTOM OF THE 4TH |
Appleton Foxes batting - Pitching for Wisconsin Rapids Timber Rattlers : RHP Roger McDowell
|
Batting: RHB Chris Brown
|
0-0: Called Strike 0-1: Ball 1-1: Foul Ball, location: 2F 1-2: Ball 2-2: Fly out, F6 (Line Drive, 6, EV 75.6 MPH)
|
Batting: RHB Randy Asadoor
|
0-0: Ball 1-0: Fly out, F3 (Popup, 34, EV 73.8 MPH)
|
Batting: RHB Victor Mata
|
0-0: Called Strike 0-1: Ball 1-1: Ball 2-1: Swinging Strike 2-2: Fly out, F3 (Popup, 3F, EV 69.4 MPH)
|
Bottom of the 4th over - 0 runs, 0 hits, 0 errors, 0 left on base; Wisconsin Rapids 3 - Appleton 1 |
TOP OF THE 5TH |
Wisconsin Rapids Timber Rattlers batting - Pitching for Appleton Foxes : RHP Mike Trujillo
|
Batting: RHB Jim Presley
|
0-0: Ball 1-0: Swinging Strike 1-1: Ball 2-1: SOLO HOME RUN (Line Drive, 78XD, EV 93.8 MPH), Distance : 409 ft
|
Batting: LHB Dion James
|
0-0: Called Strike 0-1: Ball 1-1: Foul Ball, location: 2F 1-2: Foul Ball, location: 2F 1-2: Ball 2-2: Foul Ball, location: 2F 2-2: Foul Ball, location: 2F 2-2: Foul Ball, location: 2F 2-2: Ball 3-2: Foul Ball, location: 2F 3-2: Fly out, F6 (Popup, 6S, EV 75.0 MPH)
|
Batting: LHB Greg Smith
|
0-0: Called Strike 0-1: Foul Ball, location: 2F 0-2: Strikes out swinging
|
Batting: RHB Barbaro Garbey
|
0-0: Swinging Strike 0-1: Swinging Strike 0-2: Ball 1-2: Foul Ball, location: 2F 1-2: Ball 2-2: Foul Ball, location: 2F 2-2: Ball 3-2: SINGLE (Groundball, 25, EV 69.4 MPH) (infield hit)
|
Batting: LHB Matt Hall
|
0-0: Swinging Strike 0-1: Foul Ball, location: 2F 0-2: SINGLE (Groundball, 4MD, EV 105.0 MPH) Barbaro Garbey to second
|
Batting: RHB Darryl Motley
|
0-0: Swinging Strike 0-1: Ball 1-1: Ball 2-1: Swinging Strike 2-2: Fly out, F9 (Flyball, 9D, EV 97.5 MPH)
|
Top of the 5th over - 1 run, 3 hits, 0 errors, 2 left on base; Wisconsin Rapids 4 - Appleton 1 |
BOTTOM OF THE 5TH |
Appleton Foxes batting - Pitching for Wisconsin Rapids Timber Rattlers : RHP Roger McDowell
|
Batting: LHB John Csefalvay
|
0-0: Ground out 6-3 (Groundball, 6, EV 77.5 MPH)
|
Batting: RHB Howard Lopes
|
0-0: Fly out, F9 (Flyball, 9LM, EV 76.3 MPH)
|
Batting: RHB Mike Nipper
|
0-0: Foul Ball, location: 2F 0-1: Swinging Strike 0-2: Ball 1-2: Ball 2-2: Strikes out swinging
|
Bottom of the 5th over - 0 runs, 0 hits, 0 errors, 0 left on base; Wisconsin Rapids 4 - Appleton 1 |
TOP OF THE 6TH |
Wisconsin Rapids Timber Rattlers batting - Pitching for Appleton Foxes : RHP Mike Trujillo
|
Batting: RHB Al Pedrique
|
0-0: Ball 1-0: Called Strike 1-1: Foul Ball, location: 2F 1-2: Ball 2-2: Strikes out swinging
|
Batting: RHB Phil Lombardi
|
0-0: Ball 1-0: Called Strike 1-1: Ball 2-1: Foul Ball, location: 2F 2-2: Ball 3-2: Ground out 6-3 (Groundball, 6, EV 108.8 MPH)
|
Batting: RHB Tim Pyznarski
|
0-0: Ball 1-0: Foul Ball, location: 2F 1-1: Ball 2-1: Foul Ball, location: 2F 2-2: Ball 3-2: Fly out, F8 (Flyball, 89M, EV 81.9 MPH)
|
Top of the 6th over - 0 runs, 0 hits, 0 errors, 0 left on base; Wisconsin Rapids 4 - Appleton 1 |
BOTTOM OF THE 6TH |
Appleton Foxes batting - Pitching for Wisconsin Rapids Timber Rattlers : RHP Roger McDowell
|
Batting: RHB Philip Sutton
|
0-0: Foul Ball, location: 2F 0-1: Ground out 4-3 (Groundball, 4S, EV 66.3 MPH)
|
Batting: LHB Mike Woodard
|
0-0: Ball 1-0: Ball 2-0: Foul Ball, location: 2F 2-1: Ball 3-1: Foul Ball, location: 2F 3-2: Base on Balls
|
Batting: SHB Matt Gallegos
|
0-0: Ball Mike Woodard is caught stealing 2nd base 2-6 1-0: Ball 2-0: Called Strike 2-1: Ball 3-1: Called Strike 3-2: Ground out U3 (Groundball, 3, EV 81.3 MPH)
|
Bottom of the 6th over - 0 runs, 0 hits, 0 errors, 0 left on base; Wisconsin Rapids 4 - Appleton 1 |
TOP OF THE 7TH |
Wisconsin Rapids Timber Rattlers batting - Pitching for Appleton Foxes : RHP Mike Trujillo
|
Pitching: RHP Steve Mapel
|
|
Batting: RHB Jim Presley
|
0-0: Ball 1-0: Foul Ball, location: 2F 1-1: Called Strike 1-2: Ground out 4-3 (Groundball, 4, EV 82.5 MPH)
|
Batting: LHB Dion James
|
0-0: Ball 1-0: Ground out 4-3 (Groundball, 4, EV 90.0 MPH)
|
Batting: LHB Greg Smith
|
0-0: Foul Ball, location: 2F 0-1: Foul Ball, location: 2F 0-2: Foul Ball, location: 2F 0-2: Ball 1-2: Foul Ball, location: 2F 1-2: Ball 2-2: Strikes out swinging
|
Top of the 7th over - 0 runs, 0 hits, 0 errors, 0 left on base; Wisconsin Rapids 4 - Appleton 1 |
BOTTOM OF THE 7TH |
Appleton Foxes batting - Pitching for Wisconsin Rapids Timber Rattlers : RHP Roger McDowell
|
Batting: RHB Chris Brown
|
0-0: Called Strike 0-1: Swinging Strike 0-2: Strikes out swinging
|
Batting: RHB Randy Asadoor
|
0-0: Ball 1-0: Ball 2-0: Foul Ball, location: 2F 2-1: Foul Ball, location: 2F 2-2: Ball 3-2: Foul Ball, location: 2F 3-2: Foul Ball, location: 2F 3-2: Ground out 4-3 (Groundball, 4, EV 84.4 MPH)
|
Batting: RHB Victor Mata
|
0-0: Called Strike 0-1: Reached on error, E6 (Groundball, 6, EV 101.9 MPH)
|
Pitching: RHP Jim Winn
|
|
Batting: LHB John Csefalvay
|
0-0: Ball 1-0: Foul Ball, location: 2F 1-1: Fly out, F7 (Flyball, 7, EV 75.6 MPH)
|
Bottom of the 7th over - 0 runs, 0 hits, 1 error, 1 left on base; Wisconsin Rapids 4 - Appleton 1 |
TOP OF THE 8TH |
Wisconsin Rapids Timber Rattlers batting - Pitching for Appleton Foxes : RHP Steve Mapel
|
Batting: RHB Barbaro Garbey
|
0-0: Ball 1-0: Ground out 4-3 (Groundball, 13, EV 90.6 MPH)
|
Batting: LHB Matt Hall
|
0-0: Ball 1-0: Ball 2-0: Fly out, F7 (Flyball, 78S, EV 86.3 MPH)
|
Batting: RHB Darryl Motley
|
0-0: Ball 1-0: Ground out 5-3 (Groundball, 56, EV 77.5 MPH)
|
Top of the 8th over - 0 runs, 0 hits, 0 errors, 0 left on base; Wisconsin Rapids 4 - Appleton 1 |
BOTTOM OF THE 8TH |
Appleton Foxes batting - Pitching for Wisconsin Rapids Timber Rattlers : RHP Jim Winn
|
Batting: RHB Howard Lopes
|
0-0: Swinging Strike 0-1: Ball 1-1: SINGLE (Line Drive, 4D, EV 95.0 MPH)
|
Batting: RHB Mike Nipper
|
0-0: Ball 1-0: Ball 2-0: Ball 3-0: Called Strike 3-1: Foul Ball, location: 2F 3-2: Base on Balls Howard Lopes to second
|
Batting: RHB Philip Sutton
|
0-0: Foul Ball, location: 2F 0-1: Foul Ball, location: 2F 0-2: Ball 1-2: Fielders Choice at 2nd, 5-4 (Groundball, 56, EV 105.0 MPH) Howard Lopes to third
|
Batting: LHB Mike Woodard
|
0-0: Ball 1-0: Called Strike 1-1: Ball 2-1: SINGLE (Line Drive, 3, EV 94.4 MPH) Howard Lopes scores Philip Sutton to second Runner from 2nd tries for 3rd, SAFE, throw by RF made to third
|
Pitching: RHP Mark Williamson
|
|
Batting: SHB Matt Gallegos
|
0-0: Ball 1-0: Called Strike 1-1: SINGLE (Groundball, 56, EV 96.3 MPH) Philip Sutton scores Mike Woodard to second
|
Batting: RHB Chris Brown
|
0-0: Ball 1-0: Called Strike 1-1: Ball 2-1: DOUBLE (Line Drive, 7LD, EV 112.5 MPH) Mike Woodard scores Matt Gallegos to third
|
Batting: RHB Randy Asadoor
|
0-0: Called Strike 0-1: Ball 1-1: Foul Ball, location: 2F 1-2: Ball 2-2: Foul Ball, location: 2F 2-2: Foul Ball, location: 2F 2-2: DOUBLE (Line Drive, 8RXD, EV 99.4 MPH) Matt Gallegos scores Chris Brown scores
|
Batting: RHB Victor Mata
|
0-0: Called Strike 0-1: Foul Ball, location: 2F 0-2: Ball 1-2: Ball 2-2: Ball 3-2: DOUBLE (Line Drive, 89XD, EV 102.5 MPH) Randy Asadoor scores
|
Batting: LHB John Csefalvay
|
0-0: Intentional Walk
|
Pitching: RHP Steve Korczyk
|
|
Batting: RHB Howard Lopes
|
0-0: Ball Victor Mata is caught stealing 3rd base 2-5 1-0: Ball 2-0: Fly out, F6 (Popup, P, EV 76.9 MPH)
|
Bottom of the 8th over - 6 runs, 6 hits, 0 errors, 1 left on base; Wisconsin Rapids 4 - Appleton 7 |
TOP OF THE 9TH |
Wisconsin Rapids Timber Rattlers batting - Pitching for Appleton Foxes : RHP Steve Mapel
|
Now at 1B: George Hinshaw
|
|
Batting: RHB Al Pedrique
|
0-0: Called Strike 0-1: Ground out U3 (Groundball, 13, EV 89.4 MPH)
|
Batting: RHB Phil Lombardi
|
0-0: Called Strike 0-1: Foul Ball, location: 2F 0-2: Strikes out swinging, 2-3 out at first.
|
Batting: RHB Tim Pyznarski
|
0-0: Ball 1-0: Ball 2-0: Ball 3-0: Called Strike 3-1: Foul Ball, location: 2F 3-2: Strikes out swinging
|
Top of the 9th over - 0 runs, 0 hits, 0 errors, 0 left on base; Wisconsin Rapids 4 - Appleton 7 |
|